 Dungeon Sprint DCSS version 0.23.2-40-g277498a001 (webtiles) character file.

Game seed: 8347609915147889615

1221 Nivan the Grappler (level 8, -8/88 HPs)
             Began as a Troll Fighter on Sept 27, 2019.
             Was a Believer of Okawaru.
             Mangled by a centaur warrior (15 damage)
             ... in the Dungeon (Sprint I: "Red Sonja").
             The game lasted 00:04:24 (424 turns).

Nivan the Grappler (Troll Fighter)                   Turns: 424, Time: 00:04:26

Health: -8/88      AC:  6    Str: 27    XL:     8   Next: 23%
Magic:  7/7        EV: 13    Int:  4    God:    Okawaru [**....]
Gold:   422        SH: 11    Dex:  9    Spells: 7/7 levels left

rFire    . . .     SeeInvis .     - Unarmed
rCold    . . .     Gourm    +   b - +0 shield
rNeg     . . .     Faith    .   a - +0 robe
rPois    .         Spirit   .   (helmet restricted)
rElec    .         Reflect  .   (no cloak)
rCorr    .         Harm     .   (gloves unavailable)
MR       .....     NoTele   +   (boots unavailable)
Stlth    +.........             (no amulet)
HPRegen  0.64/turn              (no ring)
MPRegen  0.10/turn              (no ring)

@: very slow
A: large, unfitting armour, claws 3, fast metabolism 3, gourmand, regeneration
1, shaggy fur 1, tough skin 3
a: Heroism, Renounce Religion


You were in the Dungeon.
You worshipped Okawaru.
Okawaru was pleased with you.
You were completely stuffed.

You visited 1 branch You collected 422 gold pieces.

Inventory:

Missiles
 m - 24 arrows
Armour
 a - a +0 robe (worn)
 b - a +0 shield (worn)
 n - a +0 robe
Wands
 k - a wand of polymorph (7)
Scrolls
 j - a scroll of blinking
Potions
 c - a potion of might
 h - 2 potions of magic
 i - a potion of berserk rage
Comestibles
 d - 2 rations


   Skills:
 + Level 8.2 Fighting
 + Level 8.4 Dodging
 + Level 0.8 Stealth
 + Level 8.3 Shields
 + Level 8.5 Unarmed Combat


You had 7 spell levels left.
You didn't know any spells.
Your spell library was empty.

Dungeon Overview and Level Annotations

Branches:
Dungeon (1/1)

Altars:
Cheibriados
Dithmenos
Elyvilon
Fedhas
Gozag
Hepliaklqana
Kikubaaqudgha
Makhleb
Nemelex Xobeh
Okawaru
Qazlal
Ru
Sif Muna
Trog
Uskayaw
Vehumet
Wu Jian
Xom
Yredelemnul
Zin
The Shining One
Jiyva
Lugonu

Shops:
D %


Innate Abilities, Weirdness & Mutations

You are too large for most types of armour.
You have claws for hands.
Your metabolism is lightning-fast.
You like to eat raw meat.
Your natural rate of healing is unusually fast.
You are covered in fur. (AC +1)
You have extremely tough skin. (AC +3)


Message History

* * * LOW HITPOINT WARNING * * *
You block the centaur warrior's attack.
You claw the centaur warrior!
The centaur warrior is heavily wounded.
You block the centaur warrior's attack.
The centaur warrior hits you but does no damage. x2
The centaur warrior hits you.
* * * LOW HITPOINT WARNING * * *
You mangle the centaur warrior!!
The centaur warrior is almost dead.
The centaur warrior barely misses you.
The centaur warrior hits you but does no damage.
You scratch the centaur warrior.
The centaur warrior is almost dead.
The centaur warrior hits you!
* * * LOW HITPOINT WARNING * * *
You block the centaur warrior's attack.
The centaur warrior hits you but does no damage.
The centaur warrior hits you!
You die...

##########################
#<.#..)..#..'..#__#..))..#
#..'..#..').#..'..'..#...#
#).#####'#####'#__####...+
#..####..#...#.####§§#####
#..#__####..##§#≈§§§§#
#..#_____##'#_§§@c§§§+
#⌠⌠#_.∩...'..._#(c§§§#
####_..__##_.#'##+####
#_____###+#.# ####### ###


You could see 2 centaur warriors.

Vanquished Creatures
  2 kobold demonologists (D)
  A slime creature (D)
  Sigmund (D)
  A yak (D)
  A floating eye (D)
  An ogre (D)
  A jelly (D)
  Ijyb (D)
9 creatures vanquished.

Notes
Turn   | Place    | Note
-------+----------+-------------------------------------------
     0 | D        | Nivan the Troll Fighter began the quest for the Orb.
     0 | D        | Reached XP level 1. HP: 22/22 MP: 0/0
     2 | D        | Noticed Ijyb
    15 | D        | Killed Ijyb
    15 | D        | Reached XP level 2. HP: 31/31 MP: 1/1
    30 | D        | Noticed an ogre
    34 | D        | Killed an ogre
    34 | D        | Reached XP level 3. HP: 34/41 MP: 2/2
    34 | D        | Reached XP level 4. HP: 40/49 MP: 3/3
    49 | D        | Noticed Sigmund
    55 | D        | Killed Sigmund
    55 | D        | Reached skill level 5 in Shields
    55 | D        | Reached skill level 5 in Unarmed Combat
    55 | D        | Reached XP level 5. HP: 47/59 MP: 4/4
    55 | D        | Reached XP level 6. HP: 54/67 MP: 5/5
    71 | D        | Found an ornate altar of the Wu Jian Council.
    71 | D        | Found a deep blue altar of Sif Muna.
    73 | D        | Found a radiant altar of Vehumet.
   110 | D        | Found Paadd's Food Emporium.
   110 | D        | Found an ancient bone altar of Kikubaaqudgha.
   110 | D        | Found a hazy altar of Hepliaklqana.
   110 | D        | Found a stormy altar of Qazlal.
   110 | D        | Found a hide-covered altar of Uskayaw.
   110 | D        | Found a blossoming altar of Fedhas.
   110 | D        | Found a bloodstained altar of Trog.
   110 | D        | Found an iron altar of Okawaru.
   110 | D        | Found a basalt altar of Yredelemnul.
   110 | D        | Found a glowing golden altar of the Shining One.
   110 | D        | Found a snail-covered altar of Cheibriados.
   110 | D        | Found a sacrificial altar of Ru.
   110 | D        | Found a glowing silver altar of Zin.
   110 | D        | Found a shadowy altar of Dithmenos.
   110 | D        | Found a white marble altar of Elyvilon.
   110 | D        | Noticed a yak
   111 | D        | Found an opulent altar of Gozag.
   116 | D        | Killed a yak
   117 | D        | Found a sparkling altar of Nemelex Xobeh.
   125 | D        | Became a worshipper of Warmaster Okawaru
   141 | D        | Found a burning altar of Makhleb.
   141 | D        | Found a viscous altar of Jiyva.
   141 | D        | Found a shimmering altar of Xom.
   141 | D        | Found a corrupted altar of Lugonu.
   141 | D        | Noticed a slime creature
   152 | D        | Killed a slime creature
   152 | D        | Reached XP level 7. HP: 39/78 MP: 6/6
   224 | D        | Noticed a kobold demonologist
   225 | D        | Noticed a kobold demonologist
   226 | D        | Reached * piety under Okawaru
   227 | D        | Noticed an ice devil
   228 | D        | Noticed a red devil
   228 | D        | Noticed a sixfirhy
   236 | D        | Noticed a hellwing
   239 | D        | Noticed a chaos spawn
   249 | D        | Killed a kobold demonologist
   260 | D        | Killed a kobold demonologist
   260 | D        | Reached ** piety under Okawaru
   260 | D        | Reached XP level 8. HP: 11/88 MP: 1/7
   412 | D        | Noticed a centaur warrior
   412 | D        | Noticed a centaur warrior
   424 | D        | Mangled by a centaur warrior

Skill      XL: |  1  2  3  4  5  6  7 |
---------------+----------------------+-----
Fighting       | 3 4 6 7 8 |  8.2
Dodging        | 3 4 6 7 8 |  8.4
Shields        | 3 4 5 7 8 |  8.3
Unarmed Combat | 3 5 6 8 |  8.5
Stealth        | |  0.8

Action                   |  1- 3 |  4- 6 |  7- 9 || total
-------------------------+-------+-------+-------++-------
Melee: Unarmed           |    10 |    20 |    39 ||    69
  Use: Potion            |       |       |     3 ||     3
 Stab: Sleeping          |       |     1 |       ||     1
  Eat: Chunk             |     1 |       |     8 ||     9
Armor: Robe              |       |     1 |    12 ||    13
Dodge: Dodged            |     3 |     6 |    20 ||    29
Block: Shield            |     1 |     4 |    24 ||    29
